AoeStats
← warpig233

Migration

509414897Analyzed
1v1 RM · 5d ago on Sep 26, 2026· 33m 6s· 2 players
Game mode
Random Map
Map size
132×132
Population
200
Speed
Normal
Resources
Standard
Victory
Conquest
Starting age
Dark Age
Ending age
Imperial Age
RankedLock teamsTeams togetherTeam positionsShared explorationLock speedFull tech treeHidden civsTurbo modeCheats
Victory
Defeat
🇺🇸 Bengalis · United States
830
+17
🇺🇸 Huns · United States
855
-39
patwood314
14:00 Feudal Age
14:41 Double-Bit Axe
14:43 Fishing Lines
17:56 Wheelbarrow
19:55 Castle Age
21:43 Bow Saw
21:36 Gold Mining
23:05 Gillnets
25:08 Clinker Construction
25:09 Careening
33:32 Paiks
warpig233
11:21 Feudal Age
11:51 Double-Bit Axe
12:01 Gold Mining
16:19 Wheelbarrow
17:44 Stone Mining
17:58 Fletching
18:09 Padded Archer Armor
18:35 Town Watch
20:05 Fishing Lines
23:08 Scale Barding Armor
23:13 Forging
25:12 Castle Age
24:18 Scale Barding Armor
26:10 Hand Cart
26:18 Medium Warships
26:47 Thumb Ring
30:57 Bodkin Arrow
31:18 Leather Archer Armor
31:15 Forging
31:26 Chain Barding Armor
Connection lost

Rejoining the realm…

Still unreachable

The connection could not be restored.

Session expired

The server has moved on; the page needs a fresh start.